 Dungeon Crawl Stone Soup version 0.23-a0-635-g88ca12a (webtiles) character file.

522 George the Ruffian (level 7, -2/70 HPs)
             Began as a Troll Berserker on Dec 27, 2018.
             Was a Priest of Trog.
             Slain by a phantom (4 damage)
             ... on level 4 of the Dungeon.
             The game lasted 00:05:15 (2886 turns).

George the Ruffian (Troll Berserker)                Turns: 2886, Time: 00:05:16

Health: -2/70      AC:  5    Str: 27    XL:     7   Next: 1%
Magic:  6/6        EV: 11    Int:  3    God:    Trog [***...]
Gold:   122        SH:  0    Dex: 10    Spells: 6/6 levels left

rFire    . . .     SeeInvis .     - Unarmed
rCold    . . .     Gourm    +   (no shield)
rNeg     . . .     Faith    .   a - +0 animal skin
rPois    .         Spirit   .   (helmet restricted)
rElec    .         Reflect  .   (no cloak)
rCorr    .         Harm     .   (gloves unavailable)
MR       ++...                  (boots unavailable)
Stlth    ..........             (no amulet)
HPRegen  1.61/turn              d - ring of attention (curse)
MPRegen  0.10/turn              (no ring)

@: berserk cooldown, regenerating
A: large, unfitting armour, claws 3, fast metabolism 3, gourmand, regeneration
1, shaggy fur 1, tough skin 2
a: Berserk, Trog's Hand, Renounce Religion


You were on level 4 of the Dungeon.
You worshipped Trog.
Trog was most pleased with you.
You were full.

You visited 1 branch of the dungeon, and saw 4 of its levels.

You collected 122 gold pieces.

Inventory:

Missiles
 g - 10 poisoned needles
Armour
 a - a +0 animal skin (worn)
Jewellery
 d - a cursed ring of attention (left claw)
 m - an uncursed ring of ice
Scrolls
 c - 2 scrolls of enchant armour {unknown}
 e - a scroll of teleportation {unknown}
 h - a scroll of random uselessness {unknown}
 i - a scroll of immolation {unknown}
 k - 3 scrolls of identify {unknown}
 n - a scroll of fear {unknown}
Potions
 f - 3 potions of curing {unknown}
 j - a potion of heal wounds {unknown}
 o - 2 potions of ambrosia {unknown}
 p - 3 potions of flight {unknown}
 q - a potion of lignification {unknown}
Comestibles
 b - 6 rations


   Skills:
 + Level 4.2 Fighting
 + Level 4.3 Dodging
 + Level 5.2 Unarmed Combat


You had 6 spell levels left.
You didn't know any spells.
Your spell library was empty.

Dungeon Overview and Level Annotations

Branches:
Dungeon (4/15)
 Temple: D:4-7

Altars:
Cheibriados
Hepliaklqana
Trog
Uskayaw


Innate Abilities, Weirdness & Mutations

You are too large for most types of armour.
You have claws for hands.
Your metabolism is lightning-fast.
You like to eat raw meat.
Your natural rate of healing is unusually fast.
You are covered in fur. (AC +1)
You have very tough skin. (AC +2)


Message History

You closely miss the phantom.
The phantom is heavily damaged.
The phantom closely misses you.
You scratch the phantom.
The phantom is severely damaged.
The phantom barely misses you. x2; The phantom blinks!
You scratch the phantom.
The phantom is severely damaged.
The phantom hits you.
* * * LOW HITPOINT WARNING * * *
You miss the phantom.
The phantom is severely damaged.
You feel yourself speed up. The phantom hits you!
* * * LOW HITPOINT WARNING * * *
The phantom blinks!
You scratch the phantom.
The phantom is almost destroyed.
The phantom hits you.
You die...

######### ## #.......# .
#.#####.# ### #. #.#####.#
....#.############.).....######
.?.........)(W@.)(...()......>#
...........############..####..
.#..#.....o..# #..######
.....####...# ##..##....
.._..ยง ##..# ###...#...##
....Z ..#######..#..##..##
..... ............#.#..... ....
..#########..#.#...# ....
##..#....#


You could see a phantom.

Vanquished Creatures
  A phantom (D:4)
  4 orc wizards (D:3)
  A bullfrog skeleton (D:4)
  An orc priest (D:4)
  A worker ant (D:4)
  4 gnolls (D:3)
  6 adders
  2 oozes
  2 worms
  2 dart slugs
  2 leopard geckos
  11 orcs
  6 bats
  2 giant cockroaches
  9 hobgoblins
  15 jackals
  3 quokkas
  A ball python (D:3)
  5 frilled lizards
  9 goblins
  9 kobolds
  2 rats
98 creatures vanquished.

Vanquished Creatures (others)
  An orc wizard (D:4)
1 creature vanquished.

Grand Total: 99 creatures vanquished

Notes
Turn   | Place    | Note
-------+----------+-------------------------------------------
     0 | D:1      | George the Troll Berserker began the quest for the Orb.
     0 | D:1      | Reached XP level 1. HP: 22/22 MP: 0/0
    69 | D:1      | Reached XP level 2. HP: 29/29 MP: 1/1
   524 | D:1      | Reached XP level 3. HP: 35/36 MP: 2/2
   861 | D:2      | Reached ** piety under Trog
  1066 | D:2      | Reached XP level 4. HP: 45/45 MP: 3/3
  1130 | D:2      | Found a bloodstained altar of Trog.
  1140 | D:2      | Found a hide-covered altar of Uskayaw.
  1150 | D:2      | Noticed a +0 hand axe
  1151 | D:2      | Noticed a +3 dagger
  1416 | D:2      | Found a hazy altar of Hepliaklqana.
  1562 | D:3      | Reached skill level 4 in Unarmed Combat
  1579 | D:3      | Reached XP level 5. HP: 32/53 MP: 4/4
  1624 | D:3      | Reached *** piety under Trog
  1941 | D:3      | Reached XP level 6. HP: 62/62 MP: 5/5
  2820 | D:4      | Found a snail-covered altar of Cheibriados.
  2834 | D:4      | Reached skill level 5 in Unarmed Combat
  2851 | D:4      | Reached XP level 7. HP: 17/70 MP: 6/6
  2864 | D:4      | HP: 3/70 [orc/+1 vampiric short sword (5)]
  2865 | D:4      | HP: 1/70 [orc/+1 vampiric short sword (4)]
  2874 | D:4      | HP: 3/70 [phantom (1)]
  2885 | D:4      | HP: 1/70 [phantom (7)]
  2886 | D:4      | Slain by a phantom

Vault maps used:
D:1:      lemuel_arrival_funnel
D:2:      lemuel_coloured_pillars_altar, dancing_weapons_uskayaw, bloody_trog
D:3:      kennysheep_generic_room_14
D:4:      grunt_temple_overflow_opulence, cheibriados_altar_1,
          cheibrodos_sewer_entry_drain, gammafunk_ghost_mausoleum,
          hangedman_abyss_or_decor_slice, uniq_grinder

Skill      XL: |  1  2  3  4  5  6 |
---------------+-------------------+-----
Fighting       | 3 4 |  4.2
Dodging        | 3 4 |  4.3
Unarmed Combat | 4 5 |  5.2

Action                   |  1- 3 |  4- 6 |  7- 9 || total
-------------------------+-------+-------+-------++-------
Melee: Unarmed           |    87 |   193 |    25 ||   305
       Punch             |       |     4 |       ||     4
Invok: Berserk           |       |     1 |       ||     1
       Trog's Hand       |       |       |     2 ||     2
  Eat: Chunk             |    15 |    16 |       ||    31
Armor: Animal skin       |    37 |    44 |     7 ||    88
Dodge: Dodged            |    49 |   101 |    12 ||   162

Table legend:
 A = Non-vault XP
 B = Vault XP
 C = Vault XP percentage of total XP
 D = Non-vault monster count
 E = Vault monster count
 F = Vault count percentage of total count
                 A         B        C        D         E       F
            +---------+---------+-------+---------+---------+-------
      Total |     744 |       2 |   0.3 |      98 |       1 |   1.0
            +---------+---------+-------+---------+---------+-------
        D:1 |      42 |       0 |   0.0 |      20 |       0 |   0.0
        D:2 |     103 |       0 |   0.0 |      29 |       0 |   0.0
        D:3 |     309 |       2 |   0.6 |      38 |       1 |   2.6
        D:4 |     290 |       0 |   0.0 |      11 |       0 |   0.0
            +---------+---------+-------+---------+---------+-------
